 Dungeon Crawl Stone Soup version 0.29.0-4-gdea44cf6ec (webtiles) character file.

Game seed: 7397492583993033272

137 ProzacElf the Agent of Entropy (level 5, -1/43 HPs)
             Began as a Palentonga Abyssal Knight on Aug 27, 2022.
             Was a Priest of Lugonu.
             Succumbed to an orc's poison
             ... on level 3 of the Dungeon.
             The game lasted 00:03:34 (2548 turns).

ProzacElf the Agent of Entropy (PaAK)               Turns: 2548, Time: 00:03:35

Health: -1/43      AC: 14    Str: 21    XL:     5   Next: 0%
Magic:  8/8        EV:  7    Int: 10    God:    Lugonu [***...]
Gold:   139        SH:  0    Dex: 10    Spells: 4/4 levels left

rFire   . . .      SeeInvis +   b - +2 trident (protect)
rCold   . . .      Faith    .   (no shield)
rNeg    . . .      Spirit   .   e - +0 scale mail
rPois   .          Reflect  .   (no helmet)
rElec   .          Harm     .   (no cloak)
rCorr   .          Rampage  .   c - +0 pair of gloves
Will    .....                   (no barding)
Stlth   ..........              (no amulet)
HPRegen 0.14/turn               (no ring)
MPRegen 0.11/turn               (no ring)

@: lethally poisoned (-1 -> -16), under a protective aura, hasted, very quick
A: large, rugged brown scales 3, see invisible, deformed body, roll 1, armoured
tail
a: Rolling Charge, Renounce Religion, Depart the Abyss, Bend Space, Banish


You were on level 3 of the Dungeon.
You worshipped Lugonu.
Lugonu was most pleased with you.
You visited 1 branch of the dungeon, and saw 3 of its levels.
You visited the Abyss 1 time.

You collected 139 gold pieces.

Inventory:

Hand Weapons
 a - a +1 hand axe
 b - a +2 trident of protection (weapon)
Missiles
 f - 5 poisoned darts
Armour
 c - a +0 pair of gloves (worn)
 e - a +0 scale mail (worn)
 n - a +0 leather armour
Jewellery
 h - a ring of ice
Scrolls
 d - 4 scrolls of silence {unknown}
 g - a scroll of vulnerability {unknown}
 i - a scroll of magic mapping {unknown}
 j - a scroll of identify {unknown}
 k - a scroll of teleportation {unknown}
 m - a scroll of butterflies {unknown}


   Skills:
 - Level 3.0 Fighting
 + Level 3.9 Axes
 - Level 1.5 Armour
 - Level 0.7 Dodging
 + Level 4.2 Invocations


You had 4 spell levels left.
You didn't know any spells.
Your spell library contained the following spells:

 Spells                   Type           Power      Damage    Failure   Level
 Gell's Gravitas          Tloc           0%         N/A       97%         3
 Lesser Beckoning         Tloc           0%         N/A       97%         3
 Teleport Other           Tloc           0%         N/A       97%         3


Dungeon Overview and Level Annotations

Branches:
Dungeon (3/15)

Altars:


Innate Abilities, Weirdness & Mutations

You are completely covered in rugged brown scales. (AC +3, +7% HP)
You have supernaturally acute eyesight. (SInv)
Armour fits poorly on your strangely shaped body.
You can roll at nearby foes to attack.
You have a long armoured tail.


Message History

Tha orc hits ye but does nay damage.
Reach: b) +2 trident (protect)
Press: ? - help, Dir - move target, f/p - orc
Aim: an orc, wieldin' a +0 short sword o' venom an' wearin' a +0 leathar armour (aboot 41% ta evade yer +2 trident o' protection) Tha orc be in tha way.
Ye barely miss tha orc.
Tha orc be severely wounded.
Tha orc barely misses ye.
Tha orc hits ye but does nay damage.
Reach: b) +2 trident (protect)
Press: ? - help, Dir - move target, f/p - orc
Aim: an orc, wieldin' a +0 short sword o' venom an' wearin' a +0 leathar armour (aboot 41% ta evade yer +2 trident o' protection) Tha orc be in tha way.
Ye hit tha orc.
Ye kill tha orc!
Lugonu accepts yer kill.
Ye haf reached level 5!
Ye regain'd 2 hp, an' now haf 11/43 hp.
MP restored: 8 Ye hit tha orc but do nay damage.
Tha orc barely misses ye.
Ye barely miss tha orc.
Tha orc hits ye but does nay damage.
Ye be poison'd.
Ye barely miss tha orc.
Ye tail-slap tha orc.
Tha orc be moderately wounded.
Ye feel sick.
Tha orc hits ye but does nay damage.
Ye be leth'lly poison'd!
Ye take 2 damage, an' haf 9/43 hp.
It was a potion o' haste.
Ye feel yerself speed up.
* * * LOW HITPOINT WARNIN'
* * * Ye feel very sick.
Tha orc hits ye but does nay damage.
Ye be more poison'd.
Ye take 4 damage, an' haf 5/43 hp.
Ye hit tha orc.
Tha orc be severely wounded.
* * * LOW HITPOINT WARNIN'
* * * Ye feel very sick.
Tha orc hits ye but does nay damage.
Ye take 4 damage, an' haf 1/43 hp.
Ye barely miss tha orc.
Ye tail-slap tha orc.
Ye kill tha orc!
Lugonu accepts yer kill.
Ye die...

##.## #.# ## #.# ..
#.# ##. #.# .o #.#
#. ########.#
#.########........#
#.)@.....>.########
############


There were no monsters in sight!

Vanquished Creatures
  An orc priest (D:3)
  4 adders
  2 worms
  4 dart slugs
  3 orcs (D:3)
  4 ball pythons
  4 bats
  7 endoplasms
  A giant cockroach (D:1)
  5 goblins
  5 hobgoblins
  2 quokkas (D:1)
  2 frilled lizards (D:1)
  6 kobolds
  3 rats (D:1)
53 creatures vanquished.

Notes
Turn   | Place    | Note
-------+----------+-------------------------------------------
     0 | Abyss:1  | ProzacElf the Palentonga Abyssal Knight began the quest for
                  | the Orb.
     0 | Abyss:1  | Reached XP level 1. HP: 19/19 MP: 2/2
     1 | D:1      | Escaped the Abyss
   351 | D:1      | Reached XP level 2. HP: 20/25 MP: 3/3
   834 | D:1      | Reached skill level 3 in Invocations
   843 | D:1      | Reached XP level 3. HP: 30/31 MP: 5/5
   936 | D:1      | Reached *** piety under Lugonu
  1836 | D:2      | Reached XP level 4. HP: 24/37 MP: 6/6
  2535 | D:3      | Reached skill level 4 in Invocations
  2543 | D:3      | Reached XP level 5. HP: 11/43 MP: 8/8
  2547 | D:3      | HP: 1/43 [poisoned by an orc]
  2548 | D:3      | Succumbed to an orc's poison

Illustrated notes

Levels and vault maps discovered:
D:1:      dpeg_arrival_refuge, layout_basic
D:2:      layout_basic
D:3:      layout_loops_ring, serial_shops, shop_coins, shop,
          nicolae_lakefront_shop, uniq_natasha

Skill      XL: |  1  2  3  4 |
---------------+-------------+-----
Invocations    | 3 4 |  4.2
Axes           | 3 |  3.9
Fighting       | |  3.0
Armour         | |  1.5
Dodging        | |  0.7

Action                   |  1- 3 |  4- 6 || total
-------------------------+-------+-------++-------
Melee: Hand axe          |   128 |     6 ||   134
       Tailslap          |    15 |     4 ||    19
       Trident           |       |    36 ||    36
  Use: Potion            |       |     1 ||     1
Armor: Scale mail        |    74 |    17 ||    91
Dodge: Dodged            |    44 |    10 ||    54
